 Dungeon Crawl Stone Soup version 0.29.1-13-g9f3cf754e1 (webtiles) character file.

Game seed: 14376262537679101275

369438 MacCMillion the Spry (level 22, -8/163 HPs)
             Began as an Octopode Summoner on Feb 5, 2023.
             Was an Initiate of Gozag.
             Killed from afar by a deep elf sorcerer (36 damage)
             ... with damnation
             ... on level 3 of the Elven Halls.
             The game lasted 03:22:11 (71792 turns).

MacCMillion the Spry (Octopode Summoner)           Turns: 71792, Time: 03:22:11

Health: -8/163     AC: 26    Str:  7    XL:     22   Next: 63%
Magic:  33/36      EV: 45    Int: 43    God:    Gozag
Gold:   5080       SH:  0    Dex: 31    Spells: 3/41 levels left

rFire   . . .      SeeInvis +     - Unarmed
rCold   . . .      Faith    .   (shield currently unavailable)
rNeg    + . .      Spirit   .   (helmet currently unavailable)
rPois   ∞          Reflect  .   f - amulet of magic regeneration
rElec   +          Harm     .   g - ring of Koppiw {rN+ Str-3 Dex+6 SInv}
rCorr   .          Rampage  .   r - +4 ring of protection
Will    ++...                   H - +6 ring of dexterity
Stlth   +++.......              R - ring of willpower
HPRegen 0.37/turn               S - +6 ring of dexterity
MPRegen 0.65/turn               k - +6 ring of intelligence
                                q - +6 ring of intelligence
                                Q - +6 ring of intelligence

@: about to teleport, storm-form, gold aura, blinkbolt cooldown, flying,
studying 2 skills
A: cleaving, insubstantial, flying, almost no armour, amphibious, 8 rings,
(camouflage 1), (gelatinous body 1), (nimble swimmer 1), (tentacles)
}: 2/15 runes: serpentine, barnacled
a: Blinkbolt, End Transformation, Renounce Religion, Potion Petition, Call
Merchant, Bribe Branch


You were on level 3 of the Elven Halls.
You worshipped Gozag.
Gozag was greatly pleased with you.
You were a lightning-filled tempest!
You visited 8 branches of the dungeon, and saw 38 of its levels.
You also visited: Gauntlet and Wizlab.

You collected 19042 gold pieces.
You spent 2450 gold pieces at shops.
You paid 11512 gold pieces to Gozag.

Inventory:

Missiles
 T - 14 throwing nets
 X - 16 curare-tipped darts
Armour
 j - the +3 crown of Dyrovepreva (melded) {rElec Int+2 SInv}
   (You found it on level 2 of the Dungeon)

   Int:       It affects your intelligence (+2).
   rElec:     It insulates you from electricity.
   SInv:      It lets you see invisible.
Magical Staves
 d - a staff of air (melded)
Jewellery
 f - an amulet of magic regeneration (around neck)
 g - the ring of Koppiw (left tentacle) {rN+ Str-3 Dex+6 SInv}
   (You acquired it on level 5 of the Dungeon)

   [ring of positive energy]

   Str:       It affects your strength (-3).
   Dex:       It affects your dexterity (+6).
   rN:        It protects you from negative energy.
   SInv:      It lets you see invisible.
 k - a +6 ring of intelligence (on tentacle)
 q - a +6 ring of intelligence (on tentacle)
 r - a +4 ring of protection (right tentacle)
 y - a +4 ring of evasion
 B - a ring of positive energy
 D - the amulet of Surprise {rElec rN+ Regen+ Stlth+}
   (You found it on level 4 of the Shoals)

   [amulet of regeneration]

   rElec:     It insulates you from electricity.
   rN:        It protects you from negative energy.
   Regen:     It increases your rate of health regeneration.
   Stlth:     It makes you more stealthy.
 H - a +6 ring of dexterity (on tentacle)
 J - a ring of ice
 Q - a +6 ring of intelligence (on tentacle)
 R - a ring of willpower (on tentacle)
 S - a +6 ring of dexterity (on tentacle)
 Z - an amulet of reflection
Wands
 s - a wand of mindburst (30)
 u - a wand of flame (100)
 w - a wand of polymorph (20)
 x - a wand of roots (22)
 F - a wand of digging (25)
 K - a wand of light (13)
 M - a wand of charming (17)
Scrolls
 e - 5 scrolls of butterflies
 l - 3 scrolls of immolation
 m - 13 scrolls of teleportation
 A - 5 scrolls of magic mapping
 G - 3 scrolls of torment
 L - 5 scrolls of blinking
 U - 2 scrolls of silence
 V - 6 scrolls of amnesia
 Y - 2 scrolls of fear
Potions
 a - 3 potions of magic
 b - 3 potions of resistance
 c - 16 potions of curing
 h - 7 potions of ambrosia
 i - 3 potions of berserk rage
 n - 6 potions of lignification
 o - 3 potions of invisibility
 p - 7 potions of flight
 t - 4 potions of heal wounds
 v - 7 potions of haste
 z - 9 potions of mutation
 C - 3 potions of cancellation
 E - 7 potions of brilliance
 N - 6 potions of attraction
 P - 10 potions of might
Miscellaneous
 I - a phial of floods
 O - a condenser vane
 W - a box of beasts


   Skills:
 + Level 17.5 Fighting
 + Level 17.5 Dodging
 - Level 3.0 Stealth
 - Level 15.0 Unarmed Combat
 - Level 10.0 Spellcasting
 - Level 3.0 Hexes
 + Level 15.6 Summonings
 - Level 16.0 Transmutations
 - Level 16.0 Air Magic
 - Level 5.0 Evocations


You had 3 spell levels left.
You knew the following spells:

 Your Spells              Type           Power      Damage    Failure   Level
a - Summon Small Mammal   Summ           100%       N/A       0%          1
b - Call Canine Familiar  Summ           100%       N/A       0%          3
c - Summon Guardian Gole  Hex/Summ       80%        N/A       1%          3
d - Summon Lightning Spi  Summ/Air       100%       N/A       1%          4
e - Summon Cactus Giant   Summ           51%        N/A       1%          6
f - Dragon Form           Tmut           51%        N/A       1%          7
g - Storm Form            Tmut/Air       51%        N/A       1%          7
h - Summon Hydra          Summ           51%        N/A       1%          7

Your spell library contained the following spells:

 Spells                   Type           Power      Damage    Failure   Level
 Call Imp                 Summ           100%       N/A       0%          2
 Apportation              Tloc           42%        N/A       1%          1
 Foxfire                  Conj/Fire      84%        2x1d8     1%          1
 Necrotise                Necr           84%        1d8       1%          1
 Sandblast                Erth           42%        2d11      1%          1
 Ensorcelled Hibernation  Hex/Ice        68%        N/A       1%          2
 Static Discharge         Conj/Air       74%        3-13/arc  1%          2
 Ignite Poison            Fire/Tmut/Pois 61%        N/A       1%          3
 Spider Form              Tmut/Pois      74%        N/A       1%          3
 Scorch                   Fire           42%        2d7       2%          2
 Inner Flame              Hex/Fire       34%        N/A       2%          3
 Conjure Flame            Conj/Fire      21%        6-21      4%          3
 Vampiric Draining        Necr           21%        2d7       4%          3
 Airstrike                Air            51%        2d(8-24)  1%          4
 Alistair's Intoxication  Tmut/Pois      49%        N/A       1%          5
 Blade Hands              Tmut           51%        N/A       1%          5
 Lightning Bolt           Conj/Air       37%        1d55      1%          5
 Summon Mana Viper        Hex/Summ       80%        N/A       1%          5
 Cause Fear               Hex            23%        N/A       4%          4
 Anguish                  Hex/Necr       17%        N/A       8%          4
 Maxwell's Capacitive Co  Air            51%        ∞         13%         8
 Dispel Undead            Necr           21%        3d11      14%         4
 Flame Wave               Conj/Fire      21%        2d8       14%         4
 Hailstorm                Conj/Ice       21%        3d6       14%         4
 Sticky Flame             Conj/Fire      21%        2d4       14%         4
 Agony                    Necr           21%        N/A       36%         5
 Borgnjor's Vile Clutch   Necr/Erth      10%        N/A       36%         5
 Death Channel            Necr           10%        N/A       91%         6
 Iron Shot                Conj/Erth      10%        9d3       91%         6
 Dragon's Call            Summ           51%        N/A       94%         9
 Animate Armour           Summ/Erth      Unusable   N/A       N/A         4
 Corpse Rot               Necr/Pois/Air  Unusable   N/A       N/A         4

Dungeon Overview and Level Annotations

Branches:
Dungeon (15/15)            Temple (1/1) D:6            Lair (5/5) D:11
 Shoals (4/4) Lair:2        Snake (4/4) Lair:3        Slime (0/5) Lair:4
    Orc (2/2) D:9             Elf (3/3) Orc:2        Vaults (4/5) D:13
  Crypt (0/3) Vaults:2     Depths (0/4) D:15         WizLab (visited)
Gauntlet (visited)

Altars:
Ashenzari
Dithmenos
Elyvilon
Gozag
Hepliaklqana
Kikubaaqudgha
Okawaru
Ru
Trog
Uskayaw
Vehumet
Wu Jian
Xom
The Shining One

Shops:
D:9 !?   D:11 (   D:12 ?   D:13 !   Orc:1 *   Orc:2 ?*[:   Elf:1 :   Elf:3 (!(
Lair:2 !::   Lair:3 =:   Vaults:1 :   Vaults:3 (

Annotations:
D:7 exclusion: steam dragon
D:12 2 runed translucent doors, 2 transporters, exclusion: door, Ytasa's ghost, journeyman DgAE
Lair:2 Fannar
Snake:1 2 transporters, Slen's ghost, adept HOFi
Elf:2 3 runed translucent doors
Vaults:1 2 transporters, exclusion: obsidian statue


Innate Abilities, Weirdness & Mutations

You are a lightning-filled tempest!
Your electrical attacks strike out in all directions at once.
You are incredibly evasive.
Your insubstantial body is immune to petrification, constriction, and being set on fire You are flying.
You are immune to poison.
Your armour is entirely melded.
You are incapable of wielding weapons or throwing items.
You cannot wear most types of armour.
You are amphibious.
You can wear up to eight rings at the same time.
((Your skin changes colour to match your surroundings (Stealth+).))
((Your rubbery body absorbs attacks. (AC +1, EV +1)))
((You are camouflaged when in or above water. (Stealth+)))
((You have tentacles for arms and can constrict up to eight enemies at once.))


Message History

The arrow hits you!!
Unknown command.
You are too injured to fight recklessly!
Unknown command.
You are too injured to fight recklessly!
Unknown command.
You blast the deep elf master archer!!!
You kill the deep elf master archer!
You barely miss the deep elf sorcerer. You batter the deep elf high priest!!
Lightning courses through the deep elf high priest!!
You kill the deep elf high priest!
Your eight-headed hydra disappears in a puff of smoke!
The deep elf sorcerer is distracted by your dazzling golden aura.
Unknown command.
You hit the deep elf sorcerer.
The deep elf sorcerer is no longer distracted by gold.
The deep elf sorcerer is severely wounded.
The deep elf sorcerer closely misses you.
You closely miss the deep elf sorcerer. You punch the deep elf sorcerer!
The deep elf sorcerer is severely wounded.
As you read the scroll of teleportation, it crumbles to dust.
You feel strangely unstable.
The deep elf sorcerer is no longer distracted by gold.
The deep elf sorcerer completely misses you.
You hit the deep elf sorcerer. You punch the deep elf sorcerer!
The deep elf sorcerer is almost dead.
The deep elf sorcerer is distracted by your dazzling golden aura.
The deep elf sorcerer completely misses you.
You buffet the deep elf sorcerer!
Lightning courses through the deep elf sorcerer!
You kill the deep elf sorcerer!
The deep elf sorcerer is no longer distracted by gold.
The deep elf sorcerer gestures at you while chanting.
The sphere of damnation explodes!
The damnation engulfs you!!!
* * * LOW HITPOINT WARNING * * *
Unknown command.
The deep elf sorcerer casts a spell at you.
The sphere of damnation explodes!
The damnation engulfs you!!!
You die...
Your body crumbles into a pile of gold.

#### #$)# ##### $$ $ $$
#.... #$.##....###$$$$
......#$$#.......### ##.
......C............##..^
.........$..............
.......##...............
.....## ###e............
..e.# ##........... ..##
...###C.v....... ..
.........$......
....⌠..$$.......
................
.......e...##...
.........### #.
.......### ######' $ $$$
$.)


You could see a deep elf sorcerer (empowered, ally target), a deep elf
zephyrmancer and a friendly cactus giant (summoned).

Vanquished Creatures
  Vashnia (Snake:4)
  Nikola (Elf:1)
  Mlioglotl (Shoals:3)
  A lich (Vaults:2)
  A sphinx (Vaults:1)
  A deep elf master archer (Elf:3)
  Polyphemus (Shoals:3)
  Kirke (D:15)
  A tengu reaver (Vaults:4)
  5 nagarajas
  Ilsuiw (Shoals:2)
  6 vault wardens
  3 deep elf sorcerers
  3 frost giants
  Aizul (Vaults:2)
  2 orc warlords (Vaults:1)
  2 war gargoyles (Vaults:4)
  5 ironbound thunderhulks
  13 ironbound preservers
  8 very ugly things
  2 stone giants
  A deep elf demonologist (Elf:3)
  An entropy weaver (Vaults:4)
  6 deep elf annihilators
  11 dire elephants
  A green death (WizLab)
  2 ettins
  2 deep elf death magi
  3 deep elf high priests
  5 great orbs of eyes
  11 merfolk javelineers
  4 merfolk impalers
  A fire dragon (D:14)
  5 yaktaur captains
  2 vault guards (Vaults:4)
  A peacekeeper (Vaults:4)
  A salamander tyrant (Snake:4)
  19 anacondas
  29 centaur warriors
  A catoblepas (Shoals:3)
  2 death knights (Vaults:2)
  2 merfolk avatars
  An ogre mage (D:15)
  13 naga warriors
  3 ironbound frosthearts
  An alligator snapping turtle (Shoals:4)
  12 merfolk aquamancers
  A satyr (Shoals:4)
  3 two-headed ogres (D:15)
  14 naga sharpshooters
  4 death yaks (Shoals:3)
  14 dancing weapons
  9 shock serpents
  A hell knight (WizLab)
  8 deep elf knights
  A shadow wraith (Vaults:2)
  39 deep trolls
  3 salamander mystics (Snake:3)
  8 sea snakes
  3 naga ritualists (Snake:1)
  4 wizards
  11 deep elf archers
  11 lindwurms
  25 deep elf pyromancers
  30 harpies
  2 necromancers
  8 orc knights (Vaults:1)
  7 mana vipers
  A phantasmal warrior (D:14)
  16 deep elf zephyrmancers
  A frost giant zombie (D:15)
  12 ironbound convokers
  An orc sorcerer (Elf:2)
  7 fauns
  A stone giant zombie (D:15)
  2 cyclopes (Shoals:4)
  8 manticores
  9 merfolk sirens
  15 ugly things
  11 salamanders
  A worldbinder (Vaults:3)
  18 vault sentinels
  4 guardian serpents
  15 naga magi
  7 water nymphs
  20 black mambas
  19 yaktaurs
  2 tengu conjurers (D:15)
  An efreet (D:15)
  A freezing wraith (Vaults:3)
  30 merfolk
  8 wind drakes
  2 blink frogs (Lair:5)
  A slime creature (shapeshifter) (Vaults:2)
  21 slime creatures
  13 snapping turtles
  2 dream sheep (Shoals:4)
  A spriggan zombie (D:15)
  3 yaks
  11 water elementals
  An air elemental (Elf:2)
  A hog (D:14)
  A human (shapeshifter) (Elf:3)
  A redback (Vaults:4)
  2 fire elementals (Elf:2)
  26 nagas
  3 water moccasins (Snake:3)
  An ice beast (D:8)
  A black bear (D:5)
  3 boggarts (D:14)
  An ogre (D:15)
  A wolf (Vaults:4)
  13 centaurs
  A nameless horror (Vaults:4)
  2 bullfrogs
  5 earth elementals
  An electric eel (Lair:3)
  2 orc priests
  3 orc wizards
  6 orcs
  A giant cockroach (D:2)
  2 hobgoblins
  A bat (Lair:2)
  A frilled lizard (Lair:3)
  A goblin (D:9)
751 creatures vanquished.

Vanquished Creatures (collateral kills)
  Boris (Vaults:4)
  Bai Suzhen (Shoals:3)
  A deep elf blademaster (Elf:3)
  2 nagarajas (Snake:4)
  5 deep elf sorcerers (Elf:3)
  Louise (Shoals:3)
  2 deep elf elementalists (Elf:3)
  An ironbound preserver (Vaults:4)
  A very ugly thing (Vaults:2)
  3 deep elf annihilators (Elf:3)
  A deep elf demonologist (Elf:1)
  Azrael (D:13)
  Snorg (Orc:1)
  An ettin (Vaults:2)
  A merfolk javelineer (Shoals:2)
  A merfolk impaler (Shoals:1)
  5 deep elf death magi (Elf:3)
  3 hydras
  A deep elf high priest (Elf:3)
  A boulder beetle (D:12)
  3 catoblepae (Lair:5)
  4 ogre magi (Orc:2)
  A centaur warrior (D:14)
  16 two-headed ogres
  8 anacondas
  2 tengu warriors (D:13)
  6 death yaks (Lair:5)
  7 naga warriors
  A shock serpent (Snake:3)
  A naga sharpshooter (Snake:4)
  Sonja (D:13)
  An orc high priest (Orc:2)
  A skeletal warrior (D:15)
  6 sea snakes
  A deep troll (Vaults:2)
  3 wizards
  2 lindwurms
  4 harpies
  4 naga ritualists
  A harpy (shapeshifter) (D:13)
  An orc knight (D:15)
  2 necromancers
  A deep elf pyromancer (D:12)
  2 orc sorcerers
  8 ugly things
  A deep elf zephyrmancer (Elf:3)
  6 cyclopes
  4 mana vipers
  A stone giant zombie (D:15)
  5 salamanders
  7 manticores
  11 centaur zombies (D:12)
  6 elephants
  20 black mambas
  Maurice (D:8)
  6 naga magi
  2 guardian serpents
  7 cane toads
  A gargoyle (D:12)
  An unseen horror (D:11)
  A rime drake (Lair:2)
  A freezing wraith (D:15)
  A kobold demonologist (D:10)
  15 komodo dragons
  3 merfolk (Shoals:2)
  3 tengu conjurers
  A meliai (shapeshifter) (D:14)
  A polar bear (Lair:3)
  7 trolls
  2 hornets
  A wind drake (shapeshifter) (D:14)
  2 dream sheep (Lair:4)
  15 slime creatures
  Prince Ribbit (D:7)
  A snapping turtle (Shoals:2)
  3 blink frogs (Lair:5)
  5 wraiths
  A spriggan (Lair:3)
  4 wyverns
  31 yaks
  A water elemental (Shoals:2)
  2 vampires (D:12)
  2 fire elementals (D:13)
  5 basilisks
  2 shadows (D:12)
  3 nameless horrors
  2 vampire mosquitoes (D:13)
  A steam dragon (D:10)
  A hog (D:15)
  33 nagas
  3 acid dragons
  15 water moccasins
  3 wargs
  5 hell hounds (D:13)
  2 sky beasts
  14 orc warriors
  4 black bears
  3 wolves
  30 ogres
  2 phantoms
  A boggart (D:14)
  4 lemures (D:8)
  7 centaurs
  11 bullfrogs
  Blork the orc (D:5)
  A gnoll sergeant (D:12)
  2 necrophages
  A scorpion (D:4)
  2 wights
  A vampire bat (Lair:2)
  2 howler monkeys
  6 lava snakes (D:11)
  2 gnoll boudas
  2 hounds
  16 orc priests
  3 jellies
  Natasha (thrice) (D:3)
  18 iguanas
  21 orc wizards
  8 gnolls
  7 adders
  A shadow imp (D:7)
  A white imp (D:7)
  2 worms (D:3)
  4 dart slugs
  79 orcs
  12 bats
  5 endoplasms
  A giant cockroach (D:4)
  19 goblins
  7 hobgoblins
  4 jackals (D:3)
  10 kobolds
  2 quokkas
  8 ball pythons
  18 frilled lizards
724 creatures vanquished.

Vanquished Creatures (others)
  2 hydras (Lair:3)
  2 two-headed ogres
  A merfolk aquamancer (Shoals:3)
  A shock serpent (Snake:3)
  A deep elf knight (Elf:3)
  A sea snake (Snake:3)
  Pikel (D:8)
  A deep elf pyromancer (Elf:3)
  2 elephants
  Maggie (D:7)
  A cane toad (Lair:2)
  A guardian mummy (D:15)
  2 trolls (D:11)
  4 slime creatures (D:11)
  8 yaks
  4 humans (D:15)
  A wyvern (D:8)
  A naga (Snake:3)
  A warg (D:9)
  A water moccasin (D:5)
  2 orc warriors (D:11)
  An ogre (D:4)
  A scorpion (D:5)
  4 wights (D:6)
  An iguana (D:6)
  A gnoll (D:6)
  2 orcs
  29 fungi
  88 plants
  13 withered plants
179 creatures vanquished.

Grand Total: 1654 creatures vanquished

Notes
Turn   | Place    | Note
-------+----------+-------------------------------------------
     0 | D:1      | MacCMillion the Octopode Summoner began the quest for the
                  | Orb.
     0 | D:1      | Reached XP level 1. HP: 11/11 MP: 3/3
     5 | D:1      | Found a faded altar of an unknown god.
   108 | D:1      | Reached XP level 2. HP: 17/17 MP: 0/5
   329 | D:1      | Reached XP level 3. HP: 21/21 MP: 3/6
  1493 | D:2      | Learned a level 3 spell: Call Canine Familiar
  1679 | D:2      | Found the +3 crown of Dyrovepreva {rElec Int+2 SInv}
  2023 | D:3      | Reached XP level 4. HP: 27/27 MP: 8/8
  2269 | D:3      | Noticed Natasha
  2449 | D:3      | Noticed an ogre
  2473 | D:3      | Reached skill level 5 in Summonings
  2497 | D:3      | Killed an ogre
  2498 | D:3      | Reached XP level 5. HP: 31/31 MP: 2/10
  2742 | D:3      | Found a white marble altar of Elyvilon.
  2912 | D:3      | You fall into a shaft and drop 3 floors!
  2921 | D:6      | Noticed a black bear
  3065 | D:7      | Noticed a steam dragon
  3087 | D:7      | Noticed Maggie
  3117 | D:6      | Noticed a phantom
  3144 | D:6      | Killed a phantom
  3145 | D:6      | Reached XP level 6. HP: 36/36 MP: 5/12
  3180 | D:5      | Entered Level 5 of the Dungeon
  3187 | D:5      | Killed a black bear
  3541 | D:5      | Learned a level 3 spell: Summon Guardian Golem
  3550 | D:5      | Identified a scroll of acquirement
  3551 | D:5      | Acquired the ring of Koppiw {rN+ Str-3 Dex+6 SInv}
  3654 | D:5      | Reached XP level 7. HP: 39/41 MP: 12/14
  3690 | D:5      | Reached skill level 1 in Hexes
  3713 | D:5      | Reached skill level 5 in Spellcasting
  3719 | D:5      | Learned a level 4 spell: Summon Lightning Spire
  4860 | D:3      | Killed Natasha
  4988 | D:3      | Noticed Natasha
  4994 | D:3      | Killed Natasha
  5507 | D:3      | Found a white marble altar of Elyvilon.
  5508 | D:3      | Noticed Natasha
  5514 | D:3      | Killed Natasha
  5578 | D:3      | Became a worshipper of Elyvilon the Healer
  5848 | D:5      | Reached skill level 1 in Air Magic
  5925 | D:5      | Noticed Blork the orc
  5934 | D:5      | Killed Blork the orc
  5935 | D:5      | Reached skill level 1 in Fighting
  5935 | D:5      | Reached XP level 8. HP: 48/48 MP: 12/15
  6204 | D:5      | Reached * piety under Elyvilon
  7086 | D:6      | Found a staircase to the Ecumenical Temple.
  7140 | D:6      | Reached XP level 9. HP: 41/57 MP: 8/16
  7625 | Temple   | Entered the Ecumenical Temple
  7654 | Temple   | Fell from the grace of Elyvilon
  7654 | Temple   | Became a worshipper of Gozag Ym Sagoz the Greedy
  7994 | D:7      | Noticed Prince Ribbit
  8302 | D:7      | Killed Maggie
  8303 | D:7      | Reached skill level 5 in Dodging
  8458 | D:7      | Found an iron altar of Okawaru.
  8814 | D:7      | Found a sacrificial altar of Ru.
  9354 | D:7      | Killed Prince Ribbit
  9572 | D:8      | Reached skill level 5 in Fighting
  9652 | D:8      | Noticed Pikel
  9885 | D:8      | Killed Pikel
  9886 | D:8      | Reached skill level 5 in Air Magic
  9886 | D:8      | Reached XP level 10. HP: 55/66 MP: 11/17
  9977 | D:8      | Noticed Maurice
 10172 | D:8      | Killed Maurice
 10720 | D:8      | Found a hazy altar of Hepliaklqana.
 11225 | D:9      | Noticed a two-headed ogre
 11246 | D:9      | Killed a two-headed ogre
 11629 | D:9      | Found a staircase to the Orcish Mines.
 11819 | D:9      | Reached skill level 10 in Summonings
 11819 | D:9      | Reached XP level 11. HP: 69/75 MP: 3/18
 12632 | D:10     | Entered Level 10 of the Dungeon
 14387 | D:11     | Noticed a two-headed ogre
 14411 | D:11     | Killed a two-headed ogre
 14546 | D:11     | Noticed a manticore
 14557 | D:11     | Killed a manticore
 14927 | D:11     | Found Vulois's Weapon Boutique.
 15325 | D:11     | Noticed a two-headed ogre
 15398 | D:11     | Killed a two-headed ogre
 15676 | D:11     | Found a staircase to the Lair.
 15752 | D:11     | Reached skill level 10 in Dodging
 15988 | D:11     | Reached XP level 12. HP: 87/87 MP: 14/19
 16542 | Lair:1   | Entered Level 1 of the Lair of Beasts
 16544 | Lair:1   | Found an iron altar of Okawaru.
 16649 | Lair:1   | Reached skill level 10 in Fighting
 16748 | Lair:1   | Found a gate leading to a gauntlet.
 16768 | Gauntlet | Entered a Gauntlet
 16768 | Gauntlet | Found a transporter.
 16768 | Gauntlet | Found a transporter.
 16768 | Gauntlet | Found a transporter.
 16813 | Gauntlet | Found a transporter.
 16816 | Gauntlet | Found a transporter.
 16826 | Gauntlet | Found a transporter.
 16830 | Gauntlet | Found a transporter.
 16833 | Gauntlet | Noticed a radroach
 16834 | Gauntlet | Noticed a quicksilver ooze
 16834 | Gauntlet | a radroach changed into a quicksilver ooze
 16836 | Gauntlet | Noticed a dire elephant
 16842 | Gauntlet | Found a transporter.
 16843 | Gauntlet | Noticed a satyr
 16845 | Gauntlet | Noticed an anaconda
 16845 | Gauntlet | an anaconda changed into a wolf spider
 16846 | Gauntlet | Noticed a broodmother
 16846 | Gauntlet | a wolf spider changed into a broodmother
 16848 | Gauntlet | a broodmother changed into a wolf spider
 16861 | Gauntlet | Noticed a boulder beetle
 16861 | Gauntlet | a wolf spider changed into a boulder beetle
 16865 | Gauntlet | Noticed an entropy weaver
 16865 | Gauntlet | a boulder beetle changed into an entropy weaver
 16871 | Gauntlet | an entropy weaver changed into a goliath frog
 16932 | Gauntlet | Found a transporter.
 16944 | Gauntlet | Found a transporter.
 16946 | Gauntlet | Found a transporter.
 16958 | Gauntlet | Found a transporter.
 16983 | Gauntlet | Noticed a two-headed ogre
 16983 | Gauntlet | a glowing shapeshifter changed into a two-headed ogre
 16987 | Gauntlet | a two-headed ogre changed into a deep troll
 17530 | Lair:2   | Noticed Fannar
 17546 | Lair:2   | Found a staircase to the Shoals.
 17702 | Lair:2   | Acquired a book of Scorching
 17711 | Lair:2   | Learned a level 6 spell: Summon Cactus Giant
 18895 | Lair:3   | Noticed a six-headed hydra
 18905 | Lair:3   | Killed a six-headed hydra
 19356 | Lair:3   | Noticed a five-headed hydra
 19398 | Lair:3   | Killed a five-headed hydra
 20132 | Lair:3   | Found a staircase to the Snake Pit.
 20174 | Lair:3   | Reached XP level 13. HP: 95/95 MP: 13/20
 20800 | Lair:3   | Bought a book of the Dragon for 782 gold pieces
 22402 | Lair:4   | Found a staircase to the Slime Pits.
 22694 | Lair:5   | Entered Level 5 of the Lair of Beasts
 24247 | Lair:5   | Got the Almanac of Excruciating Attendants
 24644 | Lair:5   | Reached XP level 14. HP: 101/101 MP: 17/25
 25473 | Lair:4   | Learned a level 7 spell: Dragon Form
 25598 | D:12     | Reached skill level 1 in Transmutations
 26728 | D:12     | Found a runed translucent door.
 26734 | D:12     | Reached skill level 10 in Spellcasting
 26984 | D:12     | Noticed Ytasa's ghost (journeyman DgAE)
 26985 | D:12     | Found a transporter.
 27140 | D:12     | Reached skill level 5 in Transmutations
 27276 | D:12     | Found Gouseib's Magic Scroll Boutique.
 27603 | D:12     | Found a transporter.
 28129 | D:12     | Noticed a storm dragon
 28129 | D:12     | Noticed a storm dragon
 28130 | D:12     | Found a runed translucent door.
 28241 | Orc:1    | Entered Level 1 of the Orcish Mines
 28244 | Orc:1    | Found Jetyufuv's Assorted Antiques.
 28713 | Orc:2    | Entered Level 2 of the Orcish Mines
 29235 | Orc:2    | Found a staircase to the Elven Halls.
 29648 | Orc:2    | Reached XP level 15. HP: 107/107 MP: 5/29
 29963 | Orc:2    | Paralysed by an ogre mage for 4 turns
 30383 | Orc:2    | Reached skill level 10 in Transmutations
 31144 | Orc:2    | Found Ylya's Armour Shoppe.
 31144 | Orc:2    | Found Orghofrisch's Book Boutique.
 31145 | Orc:2    | Found Isautuw's Magic Scroll Shop.
 31145 | Orc:2    | Found Wuetucw's Assorted Antiques.
 31224 | Orc:1    | Noticed Snorg
 31240 | Orc:1    | Killed Snorg
 31666 | Orc:1    | Found Jetyufuv's Assorted Antiques.
 32065 | Lair:3   | Bought a +6 ring of intelligence for 432 gold pieces
 32065 | Lair:3   | Bought a +6 ring of intelligence for 432 gold pieces
 32653 | D:13     | Noticed Sonja
 32794 | D:13     | Killed Sonja
 33028 | D:13     | Noticed Azrael
 33570 | D:13     | Killed Azrael
 33911 | D:13     | Found a gate to the Vaults.
 34402 | D:13     | Found an ancient bone altar of Kikubaaqudgha.
 35543 | D:14     | Found a broken altar of Ashenzari.
 36444 | D:15     | Entered Level 15 of the Dungeon
 36444 | D:15     | Found a staircase to the Depths.
 36446 | D:15     | Noticed Kirke
 36663 | D:15     | Killed Kirke
 37030 | D:15     | Reached XP level 16. HP: 113/113 MP: 1/30
 38334 | D:15     | Reached skill level 10 in Air Magic
 38960 | Orc:2    | Bought a book of the Sky for 660 gold pieces
 38972 | Orc:2    | Learned a level 7 spell: Storm Form
 39218 | Snake:1  | Entered Level 1 of the Snake Pit
 39488 | Snake:1  | Found a transporter.
 39574 | Snake:1  | Found a transporter.
 39579 | Snake:1  | Found a bloodstained altar of Trog.
 39592 | Snake:1  | Identified the +10 dagger of Fewkais {antimagic, rElec rN+
                  | Dex+3}
 39891 | Snake:1  | Found a white marble altar of Elyvilon.
 39903 | Snake:1  | Noticed Slen's ghost (adept HOFi)
 41665 | Snake:1  | Identified the +7 plate armour of Distant Shores {rF+
                  | Slay+2}
 42346 | Snake:2  | Reached XP level 17. HP: 121/121 MP: 25/31
 42390 | Snake:2  | You are sucked into a shaft and drop 1 floor!
 43070 | Snake:2  | Identified the +1 ring mail "Eresuen" {Harm rElec rCorr}
 44536 | Snake:3  | Reached skill level 15 in Transmutations
 45742 | Snake:4  | Entered Level 4 of the Snake Pit
 46365 | Snake:4  | Noticed Vashnia
 46627 | Snake:4  | Killed Vashnia
 47467 | Snake:3  | Reached XP level 18. HP: 93/130 MP: 15/32
 48117 | Snake:3  | Acquired 1317 gold pieces
 50298 | Snake:4  | Reached skill level 1 in Unarmed Combat
 50480 | Snake:4  | Got a serpentine rune of Zot
 50681 | Shoals:1 | Entered Level 1 of the Shoals
 50686 | Lair:2   | Bought a potion of might for 48 gold pieces
 50686 | Lair:2   | Bought 2 potions of might for 96 gold pieces
 52524 | Shoals:2 | Noticed Ilsuiw
 52558 | Shoals:2 | Killed Ilsuiw
 52719 | Shoals:2 | Reached skill level 15 in Dodging
 53438 | Shoals:2 | Reached XP level 19. HP: 138/138 MP: 26/33
 53624 | Shoals:3 | Noticed Louise
 53641 | Shoals:3 | Killed Louise
 53704 | Shoals:3 | Noticed Mlioglotl
 53713 | Shoals:3 | Killed Mlioglotl
 53825 | Shoals:3 | Noticed Bai Suzhen
 54011 | Shoals:3 | Killed Bai Suzhen
 54012 | Shoals:3 | Reached skill level 15 in Fighting
 54018 | Shoals:3 | Reached skill level 5 in Unarmed Combat
 54018 | Shoals:3 | Noticed Polyphemus
 54032 | Shoals:3 | Killed Polyphemus
 55264 | Shoals:4 | Entered Level 4 of the Shoals
 55272 | Shoals:4 | Got the Writings on Igneous Silt
 55830 | Shoals:4 | Got a barnacled rune of Zot
 56065 | Shoals:4 | Reached skill level 15 in Air Magic
 56159 | Shoals:4 | Identified the amulet of Surprise {rElec rN+ Regen+ Stlth+}
 56760 | Shoals:4 | Identified the +3 hand axe "Geputoac" {flame, rElec rN+
                  | rCorr Str-4}
 57466 | Elf:1    | Entered Level 1 of the Elven Halls
 57473 | Elf:1    | Reached skill level 1 in Evocations
 57767 | Elf:1    | Reached skill level 5 in Evocations
 58114 | Elf:1    | Reached XP level 20. HP: 145/145 MP: 28/34
 58442 | Elf:1    | Noticed Nikola
 58456 | Elf:1    | Killed Nikola
 59135 | Elf:2    | Reached skill level 10 in Unarmed Combat
 59577 | Elf:2    | Found a runed translucent gate.
 59577 | Elf:2    | Found a runed translucent gate.
 59577 | Elf:2    | Found a runed translucent gate.
 59911 | Vaults:1 | Entered Level 1 of the Vaults
 61421 | Vaults:1 | Found Omamanych's Book Emporium.
 62317 | Vaults:1 | Found a transporter.
 62336 | Vaults:1 | Found a transporter.
 63267 | Vaults:2 | Reached XP level 21. HP: 151/151 MP: 33/35
 63787 | Vaults:2 | Reached skill level 15 in Unarmed Combat
 64383 | Vaults:2 | Found a staircase to the Crypt.
 65058 | Vaults:2 | Noticed Aizul
 65066 | Vaults:2 | Killed Aizul
 65555 | Vaults:3 | Found Mumuwy's Antique Weapon Emporium.
 65603 | Vaults:3 | Found a magical portal.
 65624 | WizLab   | Entered Alistair's Party Mansion
 65828 | WizLab   | Noticed a golden dragon
 65828 | WizLab   | Noticed a golden dragon
 66165 | Vaults:3 | Got the Volume of Terra Firma and the Entourage
 66489 | Vaults:3 | Learned a level 7 spell: Summon Hydra
 67845 | Vaults:4 | Noticed Boris
 67903 | Vaults:4 | Killed Boris
 68478 | Vaults:4 | Reached XP level 22. HP: 159/162 MP: 31/36
 69104 | Vaults:4 | Reached skill level 15 in Summonings
 70387 | Elf:3    | Entered Level 3 of the Elven Halls
 70738 | Elf:3    | Found Loxeqazeu's Antique Weapon Emporium.
 71158 | Elf:3    | Found Kenir's Weapon Shop.
 71173 | Elf:3    | Found Gudu's Distillery.
 71780 | Elf:3    | Identified the +8 whip of Mizef {speed, rElec}
 71780 | Elf:3    | Identified the ring "Zautt" {rF+ Int+2 SInv}
 71782 | Elf:3    | Identified the +3 glaive "Veuwk" {flame, Str+3 Int+3}
 71782 | Elf:3    | Identified the ring "Irphod" {MP+9 Str+5 Int+3}
 71792 | Elf:3    | Killed from afar by a deep elf sorcerer

Illustrated notes

Levels and vault maps discovered:
D:1:      giann_bridges, layout_rooms, dreamdust_ecumenical_altar_grove
D:2:      layout_basic, minmay_unequal
D:3:      layout_basic, mainiacjoe_overflow_alcove_2, minmay_ogre_servants,
          uniq_natasha
D:4:      layout_loops_ring, st_stairs_3
D:5:      layout_loops_corners, serial_bayou_lagoon_b, uniq_blork_the_orc
D:6:      lemuel_ice_spiral_2, layout_rooms, minmay_temple_entry_overgrown,
          hex_medium
D:7:      cheibrodos_iron_armory, layout_layer_cave, okawaru_metal_pillars_3,
          overflow_temple_1_default, enter_bailey_4, uniq_prince_ribbit1,
          uniq_maggie
D:8:      layout_rooms, old_standard_altar, minivault_19, uniq_maurice,
          uniq_pikel
D:9:      minmay_angry_zag, layout_gridville, erik_orc_4
D:10:     layout_irregular_city, minivault_19
D:11:     erik_rubicon_a, layout_basic, erik_lair_orcish_takeover, serial_shops,
          shop
D:12:     minmay_expanding_circles, layout_irregular_city, serial_shops,
          kennysheep_mini_moat, serial_undead, serial_undead_b, serial_undead_e,
          serial_undead_f, serial_undead_a, gammafunk_ghost_stat_death
D:13:     layout_roguey, david_vaults_4, kiku_gazebo_pond_becter, uniq_azrael,
          uniq_sonja
D:14:     layout_loops_corners, ashenzari_altar_1
D:15:     gammafunk_depths_entry_grave, layout_stronghold, minmay_fountain_box,
          uniq_kirke
Temple:   regret_index_temple_mists
Lair:1:   layout_big_grid, basic_altar, gauntlet_entry_generic
Lair:2:   layout_hall_layers, minmay_shoals_entry_centaurs, roderic_batcave,
          uniq_fannar
Lair:3:   lemuel_reptile_caves, layout_cave_shapes, guppyfry_snake_entry_garden,
          grunt_forest_stairs_clearing, grunt_megastairs_4
Lair:4:   layout_misc_corridors, slime_entry_1, dreamdust_gnoll_shepherd,
          grunt_megastairs_2, serial_bayou_shore_b, infiniplex_staircase_pool_2
Lair:5:   evilmike_catoblepas_cave, layout_regular_city
Shoals:1: layout_shoals, st_sunken_huts
Shoals:2: layout_shoals, uniq_ilsuiw
Shoals:3: layout_shoals, nicolae_splish_splash, uniq_louise, uniq_polyphemus,
          uniq_bai_suzhen, uniq_mlioglotl
Shoals:4: shoals_end_simple, layout_shoals
Snake:1:  kennysheep_snake, layout_basic, gammafunk_ghost_wrathful_warriors,
          basic_altar
Snake:2:  layout_onion_interference, nicolae_elevator_lobby_plus
Snake:3:  nicolae_snake_attic_fulla_snakes, layout_misc_corridors
Snake:4:  minmay_snake_end_coiled, layout_cave_town, minmay_snake_pond,
          uniq_vashnia
Orc:1:    layout_caves, serial_shops, shop, hellmonk_bongcloud_opening,
          uniq_snorg
Orc:2:    st_orc_ogre_mass, layout_caves
Elf:1:    eino_elf_arrival_shootout, layout_loops_corners, uniq_nikola
Elf:2:    elven_hall_of_blades_hangedman_original
          [nicolae_blade_entry_sentries_behind_glass], layout_gridlike,
          st_stairs_10
Elf:3:    minmay_elf_hall_spiked, layout_loops_corners, serial_shops,
          nicolae_shop_stone, nicolae_shop_waterfront, nicolae_shop_crystal
Vaults:1: v_alt_pattern_2, nicolae_vaults_network_star, ontoclasm_vaults_chip,
          nicolae_vaults_little_squares_6, hangedman_vaults_river_flow,
          v_misc_3, gammafunk_sealed_arena, nicolae_vaults_ninety_degrees,
          nicolae_vaults_rhombus_6, vaults_dpeg_cross, ontoclasm_vaults_idyll,
          layout_vaults_maze_snakey, serial_shops, nicolae_shop_statue_plus
Vaults:2: hangedman_vaults_locks, v_misc_32,
          vaults_standard_mumra_enter_the_diamond, st_cross,
          nicolae_vaults_angled_halls, nicolae_vaults_circle_grid_b,
          grunt_vaults_funnel, ontoclasm_vaults_idyll, vaults_room_door_hall,
          blue_anna_dwarven_crypt, hangedman_vaults_impose, vaults_room_corners,
          vaults_dpeg_encased_lava, layout_vaults_big_cross, uniq_aizul
Vaults:3: lightli_enter_wizlab_magi_temple, vaults_room_hangedman_quadrants,
          ontoclasm_vaults_ring_square, nicolae_vaults_ring_of_whatevers,
          ontoclasm_vaults_gateway, nicolae_vaults_big_ls, vaults_room_fours,
          nicolae_vaults_specimen_jars, v_misc_17, hangedman_vaults_cutoff,
          nicolae_vaults_asterisk, vaults_mumra_hexcomb,
          dpeg_vaults_monster_box, layout_vaults_omnigrid, serial_shops, shop
Vaults:4: grunt_vaults_focal, hangedman_vaults_variations, v_rooms_4,
          v_pattern_1, nicolae_vaults_network_s, nicolae_vaults_circle_grid_a,
          serial_ice_g, nicolae_vaults_little_squares_1, vaults_room_hallway,
          layout_vaults_ring, uniq_boris

Skill      XL: |  1  2  3  4  5  6  7  8  9 10 11 12 13 14 15 16 17 18 19 20 21 22 |
---------------+-------------------------------------------------------------------+-----
Spellcasting   | 3 4 5 7 10 | 10.0
Stealth        | 3 |  3.0
Summonings     | 5 6 7 8 10 11 14 15 | 15.6
Hexes          | 3 |  3.0
Air Magic      | 1 3 5 7 9 11 12 13 15 16 | 16.0
Fighting       | 1 3 5 7 9 11 12 13 14 15 16 17 | 17.5
Dodging        | 4 5 7 10 11 12 13 15 16 17 | 17.5
Transmutations | 8 13 14 15 16 | 16.0
Unarmed Combat | 4 8 14 15 | 15.0
Evocations     | 5 |  5.0

Action                   |  1- 3 |  4- 6 |  7- 9 | 10-12 | 13-15 | 16-18 | 19-21 | 22-24 || total
-------------------------+-------+-------+-------+-------+-------+-------+-------+-------++-------
Melee: Unarmed           |     2 |       |       |       |    71 |   672 |   900 |   142 ||  1787
       Constrict         |     1 |     1 |     6 |     9 |     4 |     1 |     1 |     2 ||    25
       Tentacles         |     1 |       |     6 |    14 |    21 |     2 |     2 |     5 ||    51
       Trident           |       |     8 |    20 |    12 |       |       |       |       ||    40
       Punch             |       |       |     1 |       |     2 |     9 |    82 |    24 ||   118
       Staff             |       |       |       |    27 |    55 |     4 |     4 |     9 ||    99
       Tailslap          |       |       |       |       |    18 |    46 |       |       ||    64
       Bite              |       |       |       |       |    12 |    25 |     1 |       ||    38
 Fire: Sling             |     7 |       |       |       |       |       |       |       ||     7
Throw: Dart              |       |       |     6 |       |       |       |       |       ||     6
 Cast: Summon Small Mamm |    56 |    10 |     3 |       |       |       |       |       ||    69
       Call Canine Famil |     2 |    18 |    44 |    81 |    54 |     4 |     2 |       ||   205
       Summon Guardian G |       |       |    27 |    51 |    11 |     1 |     2 |       ||    92
       Summon Lightning  |       |       |       |    82 |   120 |    71 |    23 |       ||   296
       Summon Cactus Gia |       |       |       |       |   122 |    73 |    29 |     7 ||   231
       Dragon Form       |       |       |       |       |    12 |    18 |     1 |       ||    31
       Storm Form        |       |       |       |       |       |    89 |   101 |    23 ||   213
       Summon Hydra      |       |       |       |       |       |       |     3 |    14 ||    17
Invok: Call Merchant     |       |       |       |       |     4 |     3 |     2 |       ||     9
       Potion Petition   |       |       |       |       |       |     1 |       |       ||     1
 Abil: Breathe Fire      |       |       |       |       |     1 |     3 |       |       ||     4
       Blinkbolt         |       |       |       |       |       |    11 |    15 |     6 ||    32
Evoke: Wand              |       |       |       |       |     1 |       |       |       ||     1
       Phial of floods   |       |       |       |       |       |       |     1 |       ||     1
  Use: Scroll            |       |     9 |     1 |     6 |    13 |     5 |     2 |     1 ||    37
       Potion            |       |       |       |     1 |       |       |     1 |       ||     2
 Stab: Sleeping          |       |       |     1 |       |     1 |     2 |     9 |     2 ||    15
       Distracted        |       |       |       |     1 |     2 |    19 |    21 |     4 ||    47
       Petrified         |       |       |       |       |       |       |    17 |       ||    17
       Petrifying        |       |       |       |       |       |       |     1 |       ||     1
Armor: Skin              |       |    14 |     7 |    10 |    57 |    99 |   107 |    14 ||   308
Dodge: Dodged            |    10 |    34 |    32 |   153 |   375 |   860 |  1208 |   155 ||  2827
Block: Other             |       |       |       |       |    42 |   147 |    57 |       ||   246
       Reflection        |       |       |       |       |     2 |    29 |     4 |       ||    35
